Map: 글리터링 애쉬즈 - 래더

Players

Solar

  • Race: Zerg Zerg
  • League: Master

Trap - Winner!

  • Race: Protoss Protoss

VOD

Have the link to the VOD?

Description

Time

  • Played on: Oct. 21, 2021, 8:01 a.m.
  • Length: 6:17
Show
View Real Time Build Order
Export as new Build Order

Solar Zerg 

Build Orders: Hatch First 

Get SALT Encoding   

  12  0:00  Drone  
  13  0:12  Overlord  
  13  0:17  Drone  
  14  0:31  Drone  
  14  0:32  Drone  
  16  0:45  Drone  
  17  0:53  Hatchery  
  17  0:55  Drone  
  17  0:58  Drone  
  18  1:09  Extractor  
  17  1:13  Spawning Pool  
  17  1:17  Drone  
  17  1:19  Drone  
  18  1:27  Drone  
  19  1:38  Drone  
  20  1:50  Overlord  
  20  2:00  Queen  
  22  2:04  Queen  
  22  2:05  Drone, Zergling x2  
  26  2:11  Drone  
  26  2:12  Metabolic Boost  
  27  2:16  Drone  
  27  2:21  Drone  
  29  2:26  Drone  
  30  2:36  Hatchery  
  29  2:38  Drone  
  29  2:39  Drone  
  31  2:46  Queen  
  31  2:50  Overlord  
  33  2:53  Drone  
  33  2:57  Drone  
  33  2:58  Drone  
  36  3:10  Drone x2  
  38  3:15  Drone x3  
  38  3:16  Queen  
  38  3:18  Overlord  
  43  3:24  Zergling x2  
  44  3:28  Spore Crawler  
  44  3:31  Overlord  
  44  3:34  Spore Crawler, Queen  
  43  3:40  Overlord  
  44  3:49  Drone, Zergling x2  
  44  3:50  Queen, Zergling x2  
  44  3:51  Zergling x2  
  44  3:54  Drone  
  44  3:55  Drone x3  
  54  3:57  Drone  
  54  4:00  Drone  
  56  4:03  Drone, Evolution Chamber  
  56  4:07  Overlord  
  56  4:09  Drone  
  57  4:10  Drone  
  57  4:12  Drone  
  58  4:18  Drone x3  
  58  4:20  Drone  
  61  4:24  Spore Crawler  
  61  4:25  Drone, Spore Crawler  
  61  4:28  Drone  
  62  4:32  Drone x2  
  62  4:34  Drone  
  65  4:39  Drone x3  
  65  4:40  Extractor, Overlord  
  67  4:46  Drone x3  
  67  4:47  Drone  
  67  4:48  Drone  
  67  4:50  Drone x2  
  74  4:59  Zergling x8  
  78  5:00  Baneling Nest  
  78  5:02  Drone x3  
  78  5:05  Drone, Extractor  
  79  5:07  Extractor  
  79  5:09  Overlord  
  78  5:16  Drone  
  78  5:17  Drone x2  
  78  5:18  Drone, Hatchery  
  81  5:23  Overlord  
  81  5:24  Extractor  
  81  5:26  Drone  
  81  5:27  Drone  
  81  5:28  Drone x2  
  84  5:31  Drone x2  
  85  5:36  Zergling x8  
  90  5:42  Zergling x2  
  90  5:43  Zergling x4  
  90  5:48  Zergling x2  
  90  5:49  Zergling x4  
  91  5:52  Zergling x8  
  91  6:00  Zergling x4  
Show
View Real Time Build Order
Export as new Build Order

Trap Protoss - Winner!

Build Orders: 1 Gate Expand, Oracle Opening 

Get SALT Encoding   

  12  0:00  Probe  
  13  0:13  Pylon  
  13  0:17  Probe (Chrono Boost)  
  14  0:26  Probe (Chrono Boost)  
  15  0:31  Probe (Chrono Boost)  
  16  0:41  Gateway  
  16  0:43  Probe  
  17  0:51  Assimilator  
  17  0:56  Probe  
  18  1:10  Probe  
  19  1:22  Probe  
  19  1:24  Nexus  
  20  1:35  Cybernetics Core  
  20  1:37  Probe  
  21  1:43  Assimilator  
  21  1:49  Probe  
  21  1:53  Pylon  
  22  2:02  Probe (Chrono Boost)  
  23  2:11  Adept  
  23  2:14  Probe (Chrono Boost)  
  26  2:19  Stargate  
  26  2:21  Probe (Chrono Boost)  
  27  2:26  Warp Gate  
  27  2:29  Probe (Chrono Boost)  
  28  2:38  Probe (Chrono Boost)  
  28  2:41  Adept  
  32  2:46  Probe (Chrono Boost)  
  32  2:47  Probe (Chrono Boost)  
  33  2:52  Probe  
  33  2:53  Probe  
  33  2:54  Void Ray (Chrono Boost)  
  35  3:04  Probe  
  41  3:05  Probe  
  41  3:09  Pylon  
  41  3:11  Adept  
  43  3:16  Probe  
  43  3:17  Probe  
  45  3:23  Gateway  
  45  3:28  Oracle (Chrono Boost)  
  45  3:32  Probe  
  45  3:33  Probe  
  50  3:41  Pylon  
  50  3:44  Probe  
  50  3:45  Probe  
  52  3:50  Twilight Council  
  52  4:03  Nexus  
  52  4:14  Gateway, Resonating Glaives (Chrono Boost)  
  52  4:15  Gateway  
  52  4:18  Adept x2  
  52  4:19  Probe  
  57  4:31  Probe, Pylon  
  57  4:32  Probe  
  59  4:40  Assimilator  
  59  4:44  Assimilator  
  59  4:45  Shield Battery  
  59  4:47  Pylon  
  59  4:48  Pylon  
  59  4:52  Adept x2  
  61  4:54  Probe x2  
  65  5:07  Probe x2 (Chrono Boost)  
  67  5:13  Adept x4  
  75  5:15  Probe (Chrono Boost)  
  78  5:24  Probe x2 (Chrono Boost)  
  78  5:25  Probe (Chrono Boost)  
  79  5:30  Stargate  
  79  5:31  Probe (Chrono Boost)  
  79  5:33  Pylon  
  79  5:35  Adept  
  79  5:40  Adept x2  
  79  5:42  Adept  
  84  5:47  Probe x3  
  85  6:02  Probe x2  
  85  6:03  Probe, Assimilator x2  
  86  6:10  Adept x4  
Tags
 
Add a new tag
Caveats
  • Supply blocks, unpowered buildings, or Contaminate may cause inaccurate times.
  • Supply counts are checked every 10 seconds.